 Dungeon Crawl Stone Soup version 0.20-a0-556-g892c87b (webtiles) character file.

1733 Alarkh the Magician (level 8, -10/52 HPs)
             Began as a Mummy Summoner on Feb 3, 2017.
             Was a Believer of Okawaru.
             Shot with a sling bullet by Joseph (11 damage)
             ... on level 7 of the Dungeon on Feb 4, 2017.
             The game lasted 00:20:40 (7960 turns).

Alarkh the Magician (Mummy Summoner)                Turns: 7960, Time: 00:20:41

Health: -10/52     AC: 13    Str: 14    XL:     8   Next: 76%
Magic:  22/27      EV: 14    Int: 17    God:    Okawaru [**....]
Gold:   133        SH:  0    Dex: 12    Spells: 10/21 levels left

rFire    x . .     SeeInvis .   b - +1 mace (protect)
rCold    + . .     Gourm    .   m - +0 robe
rNeg     + + +     Faith    .   (no shield)
rPois    ∞         Spirit   .   q - +0 helmet
rElec    .         Reflect  .   x - +0 cloak
rCorr    .         Harm     .   w - +1 pair of gloves {Str+3}
MR       +....                  (no boots)
Stlth    ++........             (no amulet)
Regen    0.2/turn               o - +2 ring of evasion
                                c - ring of magical power

@: protection aura, very slightly contaminated
A: no food or potions, fire vulnerability, cold resistance 1, negative energy
resistance 3, torment resistance, unbreathing
a: Heroism, Renounce Religion


You were on level 7 of the Dungeon.
You worshipped Okawaru.
Okawaru was pleased with you.
You were not hungry.

You visited 2 branches of the dungeon, and saw 8 of its levels.
You also visited: Ossuary.

You collected 248 gold pieces.
You spent 115 gold pieces at shops.

Inventory:

Hand Weapons
 a - a +0 trident
 b - a +1 mace of protection (weapon)
 g - a +0 dagger
 t - a cursed -3 great mace
 E - a +0 whip of flaming
Armour
 j - a +0 cloak
 m - a +0 robe (worn)
 q - a +0 helmet (worn)
 w - a +1 pair of gloves of strength (worn)
 x - a +0 cloak (worn)
Jewellery
 c - a ring of magical power (left hand)
 i - an uncursed ring of stealth
 k - an uncursed amulet of harm
 o - a +2 ring of evasion (right hand)
Wands
 v - a wand of lightning (3/15)
 z - a wand of acid (5/15)
 D - a wand of paralysis (8/24)
Scrolls
 d - 3 scrolls of teleportation
 e - a scroll of identify
 f - 3 scrolls of amnesia
 h - 5 scrolls of remove curse
 l - a scroll of recharging
 n - 3 scrolls of enchant weapon
 s - 2 scrolls of fog {unknown}
 u - a scroll of immolation
 y - a scroll of magic mapping {unknown}
 B - a scroll of acquirement {unknown}
 C - 3 scrolls of vulnerability {unknown}
 F - a scroll of enchant armour {unknown}
Books
 r - a book of Callings

   Spells                             Type                      Level
   a - Summon Small Mammal            Summoning                    1
   b - Call Imp                       Summoning                    2
   c - Call Canine Familiar           Summoning                    3
   d - Summon Guardian Golem          Hexes/Summoning              3
   e - Summon Lightning Spire         Summoning/Air                4
   f - Summon Ice Beast               Ice/Summoning                4
 A - a book of Cantrips

   Spells                             Type                      Level
   a - Confusing Touch                Hexes                        1
   b - Animate Skeleton               Necromancy                   1
   c - Summon Small Mammal            Summoning                    1
   d - Apportation                    Translocation                1
Miscellaneous
 p - a fan of gales


   Skills:
 * Level 5.8 Maces & Flails
 - Level 1.5 Dodging
 - Level 1.5 Stealth
 - Level 7.0 Spellcasting
 + Level 6.6 Summonings


You had 10 spell levels left.
You knew the following spells:

 Your Spells              Type           Power        Failure   Level  Hunger
a - Call Canine Familiar  Summ           ####....     2%          3    N/A
b - Summon Small Mammal   Summ           ####         1%          1    N/A
c - Summon Guardian Gole  Hex/Summ       ###.....     10%         3    N/A
d - Summon Ice Beast      Ice/Summ       ###.....     30%         4    N/A

Dungeon Overview and Level Annotations

Branches:
Dungeon (7/15)             Temple (1/1) D:5

Altars:
Ashenzari
Cheibriados
Dithmenos
Elyvilon
Fedhas
Gozag
Hepliaklqana
Kikubaaqudgha
Makhleb
Nemelex Xobeh
Okawaru
Qazlal
Ru
Sif Muna
Trog
Uskayaw
Vehumet
Xom
Yredelemnul
Zin
The Shining One

Shops:
D:4 *   D:5 ?

Annotations:
D:7 exclusion: door, Joseph


Innate Abilities, Weirdness & Mutations

You do not eat or drink.
Your flesh is vulnerable to fire.
You are immune to poison.
Your flesh is cold resistant. (rC+)
You are immune to negative energy. (rN+++)
You are immune to unholy pain and torment.
You can survive without breathing.


Message History

Your hound bites Joseph.
You hit Joseph but do no damage.
Joseph is almost dead.
Your hound bites Joseph but does no damage.
Joseph hits your hound with an uncursed quarterstaff!
Your hound dies!
Your hound's corpse disappears in a puff of smoke!
Joseph shouts!
Casting: Call Canine Familiar
Confirm with . or Enter, or press ? or * to list all spells.
You miscast Summon Ice Beast.
You are very lightly contaminated with residual magic.
You feel a strange surge of energy!
Joseph hits you with an uncursed quarterstaff!
* * * LOW HITPOINT WARNING * * *
Okay, then.
Joseph unwields an uncursed quarterstaff.
Joseph wields an uncursed hunting sling.
Joseph shoots a sling bullet.
The sling bullet hits you!
You die...

#### #. ....######)
........... ........... #.#
##......... .....#..#
#.........
#....##.##################....
#.............@((..((§.......
#...........@(#######@###....
#.............# #.# #....
#.............# #8# #####
+####...........(.# ##l####
.8.#[.............# #..(..#
_..#.[).#####..#### #.....#
..##..[†# ##(## #..?..###
.##.....# #))# #.....).#
.#......#######o## ##........


You could see Joseph.

Vanquished Creatures
  An ice beast (D:6)
  A sky beast (D:7)
  A bullfrog (D:6)
  A gnoll sergeant (D:7)
  A scorpion (D:4)
  3 wights (Ossuary)
  A howler monkey (D:4)
  A bullfrog zombie (D:7)
  A quasit (D:6)
  An orc priest (D:5)
  A bullfrog skeleton (D:5)
  An orc wizard (D:5)
  2 hound skeletons (D:4)
  A worker ant zombie (D:6)
  2 gnolls (D:7)
  4 adders
  A shadow imp (D:6)
  A worm (D:5)
  A dart slug (D:3)
  2 leopard geckos
  14 orcs
  A giant cockroach (D:4)
  2 goblins (D:2)
  3 hobgoblins
  2 jackals
  A quokka (D:4)
  A ball python (D:3)
  A ball python skeleton (Ossuary)
  4 bats
  4 frilled lizards
  A hobgoblin zombie (Ossuary)
  4 kobolds
  A leopard gecko skeleton (D:6)
  7 rats
74 creatures vanquished.

Vanquished Creatures (collateral kills)
  Sigmund (D:3)
  A wraith (Ossuary)
  A slave (D:6)
  A hornet zombie (D:7)
  2 ice beasts (D:7)
  2 ogres
  2 bullfrogs
  A scorpion (D:6)
  A wight (Ossuary)
  A crimson imp (D:5)
  A quasit (D:7)
  2 hounds (D:7)
  2 orc priests
  4 orc wizards
  A worker ant (D:6)
  6 gnolls
  5 adders
  An ooze (D:5)
  An adder skeleton (D:4)
  2 worms (D:3)
  4 leopard geckos
  14 orcs
  4 bats
  A giant cockroach (D:1)
  6 goblins
  A hobgoblin (D:1)
  11 jackals
  2 kobolds
  3 quokkas
  A ball python skeleton (Ossuary)
  3 frilled lizards
  A hobgoblin skeleton (Ossuary)
  A hobgoblin zombie (Ossuary)
  A kobold zombie (Ossuary)
  An orc skeleton (Ossuary)
  10 rats
102 creatures vanquished.

Vanquished Creatures (others)
  Pikel (D:6)
  A wraith (Ossuary)
  An orc wizard (D:7)
3 creatures vanquished.

Grand Total: 179 creatures vanquished

Notes
Turn   | Place    | Note
-------+----------+-------------------------------------------
     0 | D:1      | Alarkh the Mummy Summoner began the quest for the Orb.
     0 | D:1      | Reached XP level 1. HP: 13/13 MP: 4/4
   161 | D:1      | Reached skill level 3 in Spellcasting
   249 | D:1      | Reached XP level 2. HP: 4/19 MP: 6/6
  1008 | D:2      | Found a glowing golden altar of the Shining One.
  1213 | D:2      | Reached skill level 4 in Spellcasting
  1213 | D:2      | Reached XP level 3. HP: 16/24 MP: 8/8
  1218 | D:2      | Learned a level 3 spell: Call Canine Familiar
  1977 | D:2      | Reached XP level 4. HP: 23/30 MP: 10/10
  2361 | D:2      | Learned a level 4 spell: Summon Ice Beast
  2365 | D:2      | Learned a level 3 spell: Summon Guardian Golem
  2635 | D:3      | Upgraded the game from 0.20-a0-553-g9f38e11 to 0.20-a0-556-g892c87b
  2902 | D:3      | Reached skill level 5 in Spellcasting
  2953 | D:3      | Found a shattered altar of Ashenzari.
  3002 | D:3      | Noticed Sigmund
  3063 | D:4      | Found a hazy altar of Hepliaklqana.
  3064 | D:4      | Found a shimmering altar of Xom.
  3065 | D:4      | Noticed a spectral ugly thing
  3095 | D:3      | Killed Sigmund
  3095 | D:3      | Reached XP level 5. HP: 8/35 MP: 13/13
  3915 | D:4      | Reached skill level 6 in Spellcasting
  3915 | D:4      | Reached XP level 6. HP: 32/41 MP: 15/15
  4115 | D:4      | Reached skill level 5 in Summonings
  4595 | D:4      | Found Xerphuops's Assorted Antiques.
  4603 | D:4      | Bought a scroll labeled TILUHIASOB for 23 gold pieces
  4603 | D:4      | Bought a forked bronze wand for 92 gold pieces
  4621 | D:4      | Reached skill level 1 in Maces & Flails
  4679 | D:5      | Entered Level 5 of the Dungeon
  4778 | D:5      | Found a staircase to the Ecumenical Temple.
  4787 | D:5      | Found Codel's Magic Scroll Shoppe.
  4800 | Temple   | Entered the Ecumenical Temple
  5075 | D:5      | Found a basalt altar of Yredelemnul.
  5091 | D:5      | Found an iron altar of Okawaru.
  5093 | D:5      | Found a hide-covered altar of Uskayaw.
  5093 | D:5      | Found a sparkling altar of Nemelex Xobeh.
  5094 | D:5      | Found an ancient bone altar of Kikubaaqudgha.
  5193 | D:5      | Became a worshipper of Warmaster Okawaru
  5257 | D:5      | Reached XP level 7. HP: 40/46 MP: 17/17
  5318 | D:5      | Found a shadowy altar of Dithmenos.
  5588 | D:6      | Reached skill level 7 in Spellcasting
  5677 | D:6      | Reached * piety under Okawaru
  5684 | D:6      | Found a bloodstained altar of Trog.
  5708 | D:6      | Found a sand-covered staircase.
  5708 | D:6      | Noticed Pikel
  5712 | Ossuary  | Entered an ossuary
  5854 | Ossuary  | Noticed a flying skull
  5854 | Ossuary  | Noticed a wraith
  5879 | Ossuary  | Noticed a flying skull
  5905 | Ossuary  | Noticed a flying skull
  5910 | Ossuary  | Noticed a flying skull
  5911 | Ossuary  | Noticed a wraith
  5972 | Ossuary  | Killed a wraith
  6039 | Ossuary  | Noticed a wraith
  6098 | Ossuary  | Killed a wraith
  6098 | Ossuary  | Reached XP level 8. HP: 16/52 MP: 9/18
  6547 | D:6      | Killed Pikel
  7107 | D:7      | Found a deep blue altar of Sif Muna.
  7428 | D:7      | Noticed Joseph
  7492 | D:7      | Reached skill level 5 in Maces & Flails
  7563 | D:7      | Reached ** piety under Okawaru
  7959 | D:7      | HP: 1/52 [Joseph/uncursed quarterstaff (13)]
  7960 | D:7      | Shot with a sling bullet by Joseph

Vault maps used:
D:1:      dpeg_arrival_ternary, minmay_close_crescents
D:2:      nicolae_tso_carved_into_rock, serial_glass, glass_columns_b,
          glass_columns_c, glass_columns_a, glass_columns_c
D:3:      nicolae_overflow_crystal_walls, minmay_checkerbox, uniq_sigmund
D:4:      regret_index_temple_of_mockery, serial_shops, shop_fountains,
          first_bread
D:5:      overflow_temple_1_default, grunt_temple_overflow_open,
          minmay_temple_entry_enclosed_plants, serial_shops, shop
D:6:      lemuel_round_altar, lightli_ossuary_entry_decrepit_ruins, uniq_pikel
D:7:      led_sif_book, serial_shops, nicolae_shop_statue_plus, uniq_joseph
Temple:   jpeg_temple_island
Ossuary:  ossuary_due_cavern

Skill      XL: |  1  2  3  4  5  6  7  8 |
---------------+-------------------------+-----
Spellcasting   | 3 4 5 6 7 |  7.0
Summonings     | 4 5 6 |  6.6
Maces & Flails | 1 3 5 |  5.8
Dodging        | |  1.5
Stealth        | |  1.5

Action                   |  1- 3 |  4- 6 |  7- 9 || total
-------------------------+-------+-------+-------++-------
Melee: Unarmed           |     9 |       |       ||     9
       Dagger            |    51 |       |       ||    51
       Trident           |    13 |    95 |       ||   108
       Mace              |       |    84 |   240 ||   324
 Cast: Summon Small Mamm |    46 |       |       ||    46
       Call Canine Famil |    11 |    31 |    38 ||    80
       Summon Guardian G |       |       |    21 ||    21
       Summon Ice Beast  |       |       |     2 ||     2
  Use: Scroll            |       |     6 |     3 ||     9
 Stab: Sleeping          |     2 |     4 |     2 ||     8
       Distracted        |       |     1 |     3 ||     4
Armor: Robe              |    30 |    50 |   117 ||   197
Dodge: Dodged            |    85 |   132 |   265 ||   482
